MLB
TAMPA BAY RAYS @ MINNESOTA TWINS
02/26/2042
 
TOP OF THE 1ST
Tampa Bay Rays batting - Pitching for Minnesota Twins : RHP Gil Warner
Pitching: RHP Gil Warner
Batting: SHB Juan Longoria 0-0: Ball
1-0: Ball
2-0: Fly out, F9 (Flyball, 8RM, EV 92.5 MPH)
Batting: LHB Luis López 0-0: Ball
1-0: Ball
2-0: Foul Ball, location: 7LDF
2-1: Swinging Strike
2-2: Foul Ball, location: 25F
2-2: Strikes out swinging
Batting: LHB Jonathan Adams 0-0: Called Strike
0-1: Foul Ball, location: 2F
0-2: Ball
1-2: Strikes out looking
Top of the 1st over - 0 runs, 0 hits, 0 errors, 0 left on base; Tampa Bay 0 - Minnesota 0
BOTTOM OF THE 1ST
Minnesota Twins batting - Pitching for Tampa Bay Rays : RHP Enrico Valério
Pitching: RHP Enrico Valério
Batting: RHB Leonardo Boccasino 0-0: Ball
1-0: Fly out, F9 (Flyball, 9, EV 95.0 MPH)
Batting: RHB Juan Juárez 0-0: Called Strike
0-1: Ball
1-1: Called Strike
1-2: Fly out, F9 (Line Drive, 9LM, EV 103.8 MPH)
Batting: SHB Steve Sanders 0-0: Ball
1-0: Ball
2-0: Called Strike
2-1: SOLO HOME RUN (Flyball, 7D, EV 100.0 MPH), Distance : 416 ft
Batting: RHB Cecilio Kendall 0-0: Swinging Strike
0-1: Foul Ball, location: 3FF
0-2: Strikes out swinging
Bottom of the 1st over - 1 run, 1 hit, 0 errors, 0 left on base; Tampa Bay 0 - Minnesota 1
TOP OF THE 2ND
Tampa Bay Rays batting - Pitching for Minnesota Twins : RHP Gil Warner
Batting: RHB Juan Díaz 0-0: Ball
1-0: Ball
2-0: Ball
3-0: Called Strike
3-1: Fly out, F8 (Flyball, 8RM, EV 97.5 MPH)
Batting: LHB Sancho Huerta 0-0: Foul Ball, location: 5SF
0-1: Called Strike
0-2: Ball
1-2: Foul Ball, location: 3F
1-2: Ground out U3 (Groundball, 3L, EV 81.3 MPH)
Batting: RHB Kade Piper 0-0: Swinging Strike
0-1: DOUBLE (Flyball, 89D, EV 103.8 MPH)
Pitching: RHP Mel Tseng
Batting: SHB Juan Arroyo 0-0: Swinging Strike
0-1: Ball
1-1: Swinging Strike
1-2: Strikes out looking
Top of the 2nd over - 0 runs, 1 hit, 0 errors, 1 left on base; Tampa Bay 0 - Minnesota 1
BOTTOM OF THE 2ND
Minnesota Twins batting - Pitching for Tampa Bay Rays : RHP Enrico Valério
Batting: LHB Joe McMahon 0-0: Called Strike
0-1: Ball
1-1: Foul Ball, location: 2F
1-2: Ground out 4-3 (Groundball, 4, EV 81.9 MPH)
Batting: SHB Ron Richards 0-0: Ball
1-0: Swinging Strike
1-1: Ball
2-1: Ball
3-1: DOUBLE (Groundball, 3L, EV 103.8 MPH)
Batting: RHB Connor Teek 0-0: Ball
1-0: Fly out, F6 (Line Drive, 6, EV 61.3 MPH)
Batting: RHB Ángelo Sánchez 0-0: Ball
1-0: Fly out, F4 (Popup, 4M, EV 56.3 MPH)
Bottom of the 2nd over - 0 runs, 1 hit, 0 errors, 1 left on base; Tampa Bay 0 - Minnesota 1
TOP OF THE 3RD
Tampa Bay Rays batting - Pitching for Minnesota Twins : RHP Mel Tseng
Batting: RHB Dan Murphy 0-0: Ball
1-0: Ball
2-0: Called Strike
2-1: Ball
3-1: Base on Balls
Batting: RHB Jesús Fernández 0-0: Bunt missed!
0-1: Foul Ball, location: 2F
0-2: Ball
1-2: Ball
2-2: Foul Ball, location: 5DF
2-2: Strikes out swinging
Batting: SHB Juan Longoria 0-0: Called Strike
0-1: Foul Ball, location: 23FF
0-2: Ball
1-2: Foul Ball, location: 2F
1-2: Ball
2-2: Ball
3-2: Fly out, F4 (Line Drive, 4M, EV 71.3 MPH)
Batting: LHB Luis López 0-0: Ground out 4-3 (Groundball, 4, EV 86.3 MPH)
Top of the 3rd over - 0 runs, 0 hits, 0 errors, 1 left on base; Tampa Bay 0 - Minnesota 1
BOTTOM OF THE 3RD
Minnesota Twins batting - Pitching for Tampa Bay Rays : RHP Enrico Valério
Batting: RHB Bernie Davis 0-0: Ground out 5-3 (Groundball, 56, EV 85.0 MPH)
Batting: RHB Leonardo Boccasino 0-0: Ground out 5-3 (Groundball, 56, EV 102.5 MPH)
Batting: RHB Juan Juárez 0-0: Foul Ball, location: 3SF
0-1: Called Strike
0-2: Foul Ball, location: 23F
0-2: Foul Ball, location: 25F
0-2: Ball
1-2: TRIPLE (Line Drive, 78XD, EV 107.5 MPH)
Batting: SHB Steve Sanders 0-0: Foul Ball, location: 2F
0-1: Foul Ball, location: 23F
0-2: Foul Ball, location: 2F
0-2: Ball
1-2: SINGLE (Line Drive, 6MD, EV 99.4 MPH)
Juan Juárez scores
Batting: RHB Cecilio Kendall 0-0: Ball
1-0: Fly out, F9 (Flyball, 89D, EV 95.6 MPH)
Bottom of the 3rd over - 1 run, 2 hits, 0 errors, 1 left on base; Tampa Bay 0 - Minnesota 2
TOP OF THE 4TH
Tampa Bay Rays batting - Pitching for Minnesota Twins : RHP Mel Tseng
Pitching: RHP Chuck Brock
Batting: LHB Jonathan Adams 0-0: Ball
1-0: Fly out, F6 (Popup, 6M, EV 76.3 MPH)
Batting: RHB Juan Díaz 0-0: Called Strike
0-1: Foul Ball, location: 2F
0-2: Ground out 5-3 (Groundball, 56S, EV 66.9 MPH)
Batting: LHB Sancho Huerta 0-0: Called Strike
0-1: Fly out, F8 (Flyball, 8LXD, EV 76.9 MPH)
Top of the 4th over - 0 runs, 0 hits, 0 errors, 0 left on base; Tampa Bay 0 - Minnesota 2
BOTTOM OF THE 4TH
Minnesota Twins batting - Pitching for Tampa Bay Rays : RHP Enrico Valério
Batting: LHB Joe McMahon 0-0: Called Strike
0-1: Called Strike
0-2: Ball
1-2: Ball
2-2: Ball
3-2: Base on Balls
Batting: SHB Ron Richards 0-0: Called Strike
0-1: Ball
1-1: Called Strike
1-2: Foul Ball, location: 3FF
1-2: Fly out, F9 (Flyball, 89S, EV 92.5 MPH)
Batting: RHB Connor Teek 0-0: Ball
1-0: Ball
2-0: Grounds into double play, 4-6-3 (Groundball, 4, EV 103.8 MPH)
Bottom of the 4th over - 0 runs, 0 hits, 0 errors, 0 left on base; Tampa Bay 0 - Minnesota 2
TOP OF THE 5TH
Tampa Bay Rays batting - Pitching for Minnesota Twins : RHP Chuck Brock
Pitching: RHP Jerry Cook
Now at 1B: Jeff Krieger
Batting: RHB Kade Piper 0-0: Called Strike
0-1: Foul Ball, location: 2F
0-2: Ball
1-2: Ball
2-2: Ball
3-2: Strikes out swinging
Batting: SHB Juan Arroyo 0-0: DOUBLE (Line Drive, 9LS, EV 90.6 MPH)
Pinch Hitting: LHB Orlando Rodríguez 0-0: Ball
1-0: Foul Ball, location: 9LSF
1-1: Called Strike
1-2: Foul Ball, location: 2F
1-2: Strikes out looking
Batting: RHB Jesús Fernández 0-0: Foul Ball, location: 25F
0-1: Foul Ball, location: 5DF
0-2: Foul Ball, location: 3DF
0-2: Ball
1-2: Ball
2-2: Ball
3-2: Ground out U3 (Groundball, 3, EV 86.9 MPH)
Top of the 5th over - 0 runs, 1 hit, 0 errors, 1 left on base; Tampa Bay 0 - Minnesota 2
BOTTOM OF THE 5TH
Minnesota Twins batting - Pitching for Tampa Bay Rays : RHP Enrico Valério
Now at SS: Sergio Rodríguez
Now in CF: Luis López
Now in RF: Víctor Zumaya
Batting: RHB Ángelo Sánchez 0-0: SINGLE (Line Drive, 78S, EV 90.0 MPH)
Batting: RHB Bernie Davis 0-0: Swinging Strike
0-1: 2-RUN HOME RUN (Flyball, 7D, EV 110.6 MPH), Distance : 445 ft
Pinch Hitting: LHB Joe Anderson 0-0: Called Strike
0-1: Ball
1-1: Foul Ball, location: 25F
1-2: Ball
2-2: Ball
3-2: SINGLE (Groundball, 4MD, EV 96.3 MPH)
Batting: SHB Jeff Krieger 0-0: Called Strike
0-1: Ball
1-1: Ball
2-1: Fly out, F6 (Popup, 6S, EV 81.3 MPH)
Batting: LHB Kaspar Linge 0-0: Called Strike
0-1: Swinging Strike
Passed Ball!
Joe Anderson to second
0-2: Ball
1-2: Ball
2-2: Strikes out looking
Batting: RHB Cecilio Kendall 0-0: Ball
1-0: Swinging Strike
1-1: Foul Ball, location: 2RF
1-2: Ground out 4-3 (Groundball, 34D, EV 104.4 MPH)
Bottom of the 5th over - 2 runs, 3 hits, 0 errors, 1 left on base; Tampa Bay 0 - Minnesota 4
TOP OF THE 6TH
Tampa Bay Rays batting - Pitching for Minnesota Twins : RHP Jerry Cook
Pitching: RHP Lúcio Barrios
Now at C: Mario Reyes
Now at 3B: Jesús Carranza
Now at SS: Chris Porter
Now in CF: Rubén Rosete
Now in RF: Joe Anderson
Pinch Hitting: RHB Edgardo Rincón 0-0: Fly out, F4 (Popup, 4D, EV 55.0 MPH)
Pinch Hitting: RHB Ben Davis 0-0: Foul Ball, location: 25F
0-1: Ball
1-1: Foul Ball, location: 9LMF
1-2: Strikes out swinging
Batting: RHB B.J. Bushel 0-0: Ball
1-0: Ground out 6-3 (Groundball, 6, EV 86.9 MPH)
Top of the 6th over - 0 runs, 0 hits, 0 errors, 0 left on base; Tampa Bay 0 - Minnesota 4
BOTTOM OF THE 6TH
Minnesota Twins batting - Pitching for Tampa Bay Rays : RHP Enrico Valério
Pitching: RHP Jorge López
Now at 1B: Edgardo Rincón
Now in CF: Ben Davis
Pinch Hitting: LHB Pancho Cervantez 0-0: Ball
1-0: Fly out, F8 (Flyball, 8LD, EV 96.9 MPH)
Batting: RHB Chris Porter 0-0: SINGLE (Line Drive, 3D, EV 96.3 MPH)
Batting: LHB Rubén Rosete 0-0: Ball
Chris Porter is caught stealing 2nd base 2-6
1-0: Foul Ball, location: 5F
1-1: Foul Ball, location: 3SF
1-2: Ball
2-2: Foul Ball, location: 2F
2-2: Ground out 3-1 (Groundball, 34, EV 102.5 MPH)
Bottom of the 6th over - 0 runs, 1 hit, 0 errors, 0 left on base; Tampa Bay 0 - Minnesota 4
TOP OF THE 7TH
Tampa Bay Rays batting - Pitching for Minnesota Twins : RHP Lúcio Barrios
Pitching: RHP Giancarlo Scarabelli
Now in LF: Joe Anderson
Now in RF: Pancho Cervantez
Batting: RHB Juan Díaz 0-0: Ball
1-0: Ball
2-0: Ball
3-0: Base on Balls
Batting: SHB Víctor Zumaya 0-0: Ball
Juan Díaz steals 2nd base
1-0: Ball
2-0: Called Strike
2-1: 2-RUN HOME RUN (Flyball, 78XD, EV 110.6 MPH), Distance : 453 ft
Batting: RHB Kade Piper 0-0: Called Strike
0-1: Ball
1-1: Foul Ball, location: 5F
1-2: Ball
2-2: Foul Ball, location: 23F
2-2: Strikes out swinging
Batting: SHB Juan Arroyo 0-0: Fly out, F4 (Popup, 34D, EV 58.1 MPH)
Batting: RHB Sergio Rodríguez 0-0: Ball
1-0: Called Strike
1-1: Ground out 6-3 (Groundball, 6, EV 86.9 MPH)
Top of the 7th over - 2 runs, 1 hit, 0 errors, 0 left on base; Tampa Bay 2 - Minnesota 4
BOTTOM OF THE 7TH
Minnesota Twins batting - Pitching for Tampa Bay Rays : RHP Jorge López
Batting: RHB Mario Reyes 0-0: Ball
1-0: Called Strike
1-1: Foul Ball, location: 2F
1-2: Ball
2-2: Strikes out swinging
Batting: RHB Jesús Carranza 0-0: Ball
1-0: SOLO HOME RUN (Flyball, 7D, EV 101.3 MPH), Distance : 400 ft
Batting: LHB Joe Anderson 0-0: Swinging Strike
0-1: Swinging Strike
0-2: Strikes out looking
Batting: SHB Jeff Krieger 0-0: Fly out, F9 (Line Drive, 9, EV 90.0 MPH)
Bottom of the 7th over - 1 run, 1 hit, 0 errors, 0 left on base; Tampa Bay 2 - Minnesota 5
TOP OF THE 8TH
Tampa Bay Rays batting - Pitching for Minnesota Twins : RHP Giancarlo Scarabelli
Pitching: LHP Jesús Martínez
Batting: RHB Jesús Fernández 0-0: Ball
1-0: Ball
2-0: Ball
3-0: Base on Balls
Batting: RHB Edgardo Rincón 0-0: Grounds into double play, U6-3 (Groundball, 6M, EV 78.8 MPH)
Batting: RHB Ben Davis 0-0: Fly out, F8 (Flyball, 8RD, EV 106.3 MPH)
Top of the 8th over - 0 runs, 0 hits, 0 errors, 0 left on base; Tampa Bay 2 - Minnesota 5
BOTTOM OF THE 8TH
Minnesota Twins batting - Pitching for Tampa Bay Rays : RHP Jorge López
Pitching: RHP Jerry Clay
Batting: LHB Kaspar Linge 0-0: Ground out 6-3 (Groundball, 6, EV 90.0 MPH)
Batting: RHB Cecilio Kendall 0-0: Called Strike
0-1: Fly out, F2 (Popup, 3SF, EV 75.6 MPH)
Batting: LHB Pancho Cervantez 0-0: Swinging Strike
0-1: Ball
1-1: Called Strike
1-2: Foul Ball, location: 2F
1-2: SINGLE (Groundball, 34D, EV 100.6 MPH)
Batting: RHB Chris Porter 0-0: Foul Ball, location: 25F
0-1: Swinging Strike
0-2: Ball
1-2: Ball
2-2: Foul Ball, location: 2F
2-2: Strikes out looking
Bottom of the 8th over - 0 runs, 1 hit, 0 errors, 1 left on base; Tampa Bay 2 - Minnesota 5
TOP OF THE 9TH
Tampa Bay Rays batting - Pitching for Minnesota Twins : LHP Jesús Martínez
Pitching: RHP Robbie Randall
Batting: RHB B.J. Bushel 0-0: Foul Ball, location: 5F
0-1: Ball
1-1: SINGLE (Groundball, 6D, EV 94.4 MPH)
Batting: RHB Juan Díaz 0-0: Ball
1-0: Called Strike
1-1: Called Strike
1-2: Ball
2-2: Ball
3-2: Base on Balls
B.J. Bushel to second
Batting: SHB Víctor Zumaya 0-0: Ball
1-0: Grounds into double play, 4-6-3 (Groundball, 4M, EV 105.0 MPH)
B.J. Bushel to third
Batting: RHB Kade Piper 0-0: Called Strike
0-1: Ball
1-1: Called Strike
1-2: Foul Ball, location: 2F
1-2: Foul Ball, location: 9LMF
1-2: Foul Ball, location: 2RF
1-2: Foul Ball, location: 2F
1-2: DOUBLE (Line Drive, 3D, EV 98.1 MPH)
B.J. Bushel scores
Batting: SHB Juan Arroyo 0-0: Swinging Strike
0-1: Ball
1-1: Foul Ball, location: 5F
1-2: Strikes out swinging
Top of the 9th over - 1 run, 2 hits, 0 errors, 1 left on base; Tampa Bay 3 - Minnesota 5
Wednesday, May 1st , 2024 - OOTP Baseball 24.10 Build 82